 Dungeon Crawl Stone Soup version 0.17-a0-1996-gd2c0ec8 (webtiles) character file.

3471 Hedron the Cleaver (level 9, -3/74 HPs)
             Began as a Demigod Wanderer on Oct 6, 2015.
             Slain by a white ugly thing (15 damage)
             ... on level 8 of the Dungeon on Oct 7, 2015.
             The game lasted 00:27:45 (8661 turns).

Hedron the Cleaver (Demigod Wanderer)               Turns: 8661, Time: 00:27:45

Health: -3/74      AC: 16    Str: 19    XL:     9   Next: 50%
Magic:  4/4        EV:  9    Int: 16    God:
Gold:   542        SH:  0    Dex: 17    Spells: 1 memorised, 7 levels left

rFire  . . .     SeeInvis .     w - +8 Wrath of Trog {antimagic, *Rage}
rCold  . . .     Rnd*Rage +     a - +4 scale mail
rNeg   + . .     SustAt   +     (no shield)
rPois  +         Gourm    .     O - +0 helmet
rElec  .         Spirit   .     i - +0 cloak {+Inv}
rCorr  .         Warding  .     (no gloves)
rMut   .         Stasis   .     q - +2 pair of boots
MR     .....                    (no amulet)
Stlth  ..........               G - ring of positive energy
                                v - ring of poison resistance

@: exhausted, not resistant to hostile enchantments, extremely unstealthy
A: high mp 1, sustain attributes
a: Evoke Invisibility


You were on level 8 of the Dungeon.
You were not hungry.

You visited 1 branch of the dungeon, and saw 8 of its levels.
You also visited: Ossuary.

You collected 542 gold pieces.

Inventory:

Hand Weapons
 d - a +3 dagger of protection
 w - the +8 Wrath of Trog (weapon) {antimagic, *Rage}
   (You found it on level 4 of the Dungeon)

   It disrupts the flow of magical energy around spellcasters and certain
   magical creatures (including the wielder).
   It may make you go berserk in combat.
 B - a +0 long sword of holy wrath
 F - the +12 short sword of Due Proportion {speed, SInv}
   (You found it on level 6 of the Dungeon)

   Attacks with this weapon are significantly faster.
   It lets you see invisible.
 I - a +5 trident of flaming
Armour
 a - a +4 scale mail (worn)
 i - a +0 cloak of invisibility (worn)
 q - a +2 pair of boots (worn)
 O - a +0 helmet (worn)
Jewellery
 u - an uncursed ring of teleportation
 v - a ring of poison resistance (left hand)
 G - a ring of positive energy (right hand)
Wands
 c - a wand of random effects (15)
 o - a wand of invisibility (7)
 r - a wand of slowing (10)
 t - a wand of magic darts (26)
 A - a wand of paralysis (13)
 H - a wand of magic darts (37)
 J - a wand of polymorph (10)
Scrolls
 b - 5 scrolls of teleportation
 f - 4 scrolls of fear
 h - 4 scrolls of blinking
 l - a scroll of magic mapping
 y - 2 scrolls of amnesia
 C - a scroll of remove curse
 M - a scroll of fog
 Q - 2 scrolls of recharging
Potions
 g - 5 potions of curing
 k - a potion of berserk rage
 n - a potion of cure mutation
 p - a potion of invisibility
 s - a potion of mutation {unknown}
 x - a potion of flight
 z - a potion of might
 D - 2 potions of agility {unknown}
 E - 2 potions of magic
 K - 2 potions of haste {unknown}
 L - a potion of brilliance
 N - a potion of heal wounds {unknown}
Comestibles
 e - a bread ration
 j - 3 slices of pizza
 m - 3 meat rations
 P - 2 chunks of flesh


   Skills:
 - Level 5.0 Fighting
 - Level 2.2 Short Blades
 + Level 11.4 Axes
   Level 1.0(7.4) Maces & Flails
 - Level 3.6 Armour
 - Level 1.0 Stealth
 - Level 2.2 Evocations


You had 7 spell levels left.
You knew the following spells:

 Your Spells              Type           Power        Failure   Level  Hunger
a - Summon Butterflies    Summ           #.......     75%         1    ##.....


Dungeon Overview and Level Annotations

Branches:
Dungeon (8/15)             Temple (0/1) D:6
   Lair: D:8-11

Shops:
D:8 *(


Innate Abilities, Weirdness & Mutations

You have an increased reservoir of magic (+10% MP).
Your attributes are resistant to harm.


Message History

The ice beast barely misses you.
You slash the ice beast!
You kill the ice beast!
Found a scroll of noise.
You see here a scroll of noise.
You found a teleport trap!
An ugly thing and a wight come into view.
The white ugly thing gurgles horribly!
The white ugly thing bites you but does no damage.
The white ugly thing bites you but does no damage.
The white ugly thing closely misses you.
The white ugly thing bites you. The white ugly thing freezes you!
You feel yourself speed up. The white ugly thing bites you.
The white ugly thing freezes you!!
You slice the white ugly thing!!
The white ugly thing is moderately wounded.
The white ugly thing bites you!
* * * LOW HITPOINT WARNING * * *
The white ugly thing freezes you!
You die...

#.# #.#.# #.# #.#.#
.# .. #.#.# .#
#.#.# #.# #.###.###
##.# #.#.....#.##.#
#.#.....#.##.#
#.........##.# #
###@....## #.#
#.###.u...# #z#
#.....#z### #.#
#######.###.#####.#
#.....?## ##......#
#
#.#####.###.#######
## #..#.## .######
#.#.## .......
...#.#


You could see a white ugly thing and a wight.

Vanquished Creatures
  Joseph (D:7)
  Prince Ribbit (D:6)
  Menkaure (D:7)
  Edmund (D:5)
  A water moccasin (D:6)
  A sky beast (D:5)
  2 ice beasts
  3 ogres
  2 centaurs
  4 giant frogs
  5 water moccasin zombies (Ossuary)
  A scorpion (D:6)
  4 wights (D:6)
  4 hounds
  2 giant frog zombies
  2 crimson imps
  Crazy Yiuf (D:7)
  A giant frog skeleton (D:2)
  A jelly (D:5)
  2 orc priests (D:5)
  A centaur skeleton (D:7)
  9 orc wizards
  5 worker ants
  2 big kobold zombies (Ossuary)
  A killer bee zombie (D:5)
  2 mummies (Ossuary)
  A hound skeleton (D:5)
  2 worker ant zombies (D:5)
  5 adders
  A shadow imp (D:8)
  2 oozes (D:2)
  5 adder zombies (Ossuary)
  An adder skeleton (D:6)
  5 worms
  6 giant geckos
  25 orcs
  3 ball pythons
  8 giant cockroaches
  9 goblins
  11 hobgoblins
  7 jackals
  2 quokkas
  8 bats
  3 giant newts
  A gnoll zombie (Ossuary)
  5 hobgoblin zombies (Ossuary)
  7 kobolds
  3 kobold zombies (Ossuary)
  4 orc zombies (Ossuary)
  2 quokka skeletons
  12 rats
  3 fungi (D:7)
201 creatures vanquished.

Notes
Turn   | Place    | Note
--------------------------------------------------------------
     0 | D:1      | Hedron the Demigod Wanderer began the quest for the Orb.
     0 | D:1      | Hedron set off with: a +2 scale mail, a scroll of teleportation, a wand of random effects (15), a +0 club, a bread ration, a !bad item (cl:100,ty:0,pl:0,pl2:0,sp:0,qu:0), a !bad item (cl:100,ty:0,pl:0,pl2:0,sp:0,qu:0), a !bad item (cl:100,ty:0,pl:0,pl2:0,sp:0,qu:0), a !bad item (cl:100,ty:0,pl:0,pl2:0,sp:0,qu:0), a !bad item (cl:100,ty:0,pl:0,pl2:0,sp:0,qu:0), a !bad item (cl:100,ty:0,pl:0,pl2:0,sp:0,qu:0), a !bad item (cl:100,ty:0,pl:0,pl2:0,sp:0,qu:0), a !bad item (cl:100,ty:0,pl:0,pl2:0,sp:0,qu:0), a !bad item (cl:100,ty:0,pl:0,pl2:0,sp:0,qu:0), a !bad item (cl:100,ty:0,pl:0,pl2:0,sp:0,qu:0), a !bad item (cl:100,ty:0,pl:0,pl2:0,sp:0,qu:0), a !bad item (cl:100,ty:0,pl:0,pl2:0,sp:0,qu:0), a !bad item (cl:100,ty:0,pl:0,pl2:0,sp:0,qu:0), a !bad item (cl:100,ty:0,pl:0,pl2:0,sp:0,qu:0), a !bad item (cl:100,ty:0,pl:0,pl2:0,sp:0,qu:0), a !bad item (cl:100,ty:0,pl:0,pl2:0,sp:0,qu:0), a !bad item (cl:100,ty:0,pl:0,pl2:0,sp:0,qu:0), a !bad item (cl:100,ty:0,pl:0,pl2:0,sp:0,qu:0), a !bad item (cl:100,ty:0,pl:0,pl2:0,sp:0,qu:0), a !bad item (cl:100,ty:0,pl:0,pl2:0,sp:0,qu:0), a !bad item (cl:100,ty:0,pl:0,pl2:0,sp:0,qu:0), a !bad item (cl:100,ty:0,pl:0,pl2:0,sp:0,qu:0), a !bad item (cl:100,ty:0,pl:0,pl2:0,sp:0,qu:0), a !bad item (cl:100,ty:0,pl:0,pl2:0,sp:0,qu:0), a !bad item (cl:100,ty:0,pl:0,pl2:0,sp:0,qu:0), a !bad item (cl:100,ty:0,pl:0,pl2:0,sp:0,qu:0), a !bad item (cl:100,ty:0,pl:0,pl2:0,sp:0,qu:0), a !bad item (cl:100,ty:0,pl:0,pl2:0,sp:0,qu:0), a !bad item (cl:100,ty:0,pl:0,pl2:0,sp:0,qu:0), a !bad item (cl:100,ty:0,pl:0,pl2:0,sp:0,qu:0), a !bad item (cl:100,ty:0,pl:0,pl2:0,sp:0,qu:0), a !bad item (cl:100,ty:0,pl:0,pl2:0,sp:0,qu:0), a !bad item (cl:100,ty:0,pl:0,pl2:0,sp:0,qu:0), a !bad item (cl:100,ty:0,pl:0,pl2:0,sp:0,qu:0), a !bad item (cl:100,ty:0,pl:0,pl2:0,sp:0,qu:0), a !bad item (cl:100,ty:0,pl:0,pl2:0,sp:0,qu:0), a !bad item (cl:100,ty:0,pl:0,pl2:0,sp:0,qu:0), a !bad item (cl:100,ty:0,pl:0,pl2:0,sp:0,qu:0), a !bad item (cl:100,ty:0,pl:0,pl2:0,sp:0,qu:0), a !bad item (cl:100,ty:0,pl:0,pl2:0,sp:0,qu:0), a !bad item (cl:100,ty:0,pl:0,pl2:0,sp:0,qu:0), a !bad item (cl:100,ty:0,pl:0,pl2:0,sp:0,qu:0), a !bad item (cl:100,ty:0,pl:0,pl2:0,sp:0,qu:0), a !bad item (cl:100,ty:0,pl:0,pl2:0,sp:0,qu:0), a !bad item (cl:100,ty:0,pl:0,pl2:0,sp:0,qu:0), a !bad item (cl:100,ty:0,pl:0,pl2:0,sp:0,qu:0), a !bad item (cl:100,ty:0,pl:0,pl2:0,sp:0,qu:0)
     0 | D:1      | Reached XP level 1. HP: 18/18 MP: 4/4
   172 | D:1      | Reached skill level 1 in Maces & Flails
   417 | D:1      | Reached XP level 2. HP: 25/25 MP: 5/5
  1478 | D:2      | Reached XP level 3. HP: 26/31 MP: 7/7
  1922 | D:2      | Found an ancient bone altar of Kikubaaqudgha.
  2020 | D:2      | You fall through a shaft for 2 floors!
  2032 | D:4      | Reached skill level 4 in Fighting
  2032 | D:4      | Reached XP level 4. HP: 32/40 MP: 8/8
  2100 | D:3      | Found a faded altar to an unknown god.
  2464 | D:2      | Found a burning altar of Makhleb.
  2468 | D:2      | Found a basalt altar of Yredelemnul.
  2474 | D:2      | Found a glowing golden altar of the Shining One.
  2718 | D:3      | Found an iron altar of Okawaru.
  3035 | D:3      | Reached skill level 5 in Fighting
  3035 | D:3      | Reached XP level 5. HP: 25/48 MP: 9/9
  3521 | D:3      | Reached skill level 1 in Short Blades
  3605 | D:3      | Found a shattered altar of Ashenzari.
  3617 | D:3      | Found a white marble altar of Elyvilon.
  3656 | D:3      | Found a snail-covered altar of Cheibriados.
  3782 | D:3      | Found a sacrificial altar of Ru.
  4349 | D:5      | Entered Level 5 of the Dungeon
  4366 | D:5      | Noticed an ice beast
  4375 | D:5      | Killed an ice beast
  4375 | D:5      | Reached XP level 6. HP: 56/56 MP: 3/10
  4425 | D:5      | Found a sand-covered staircase.
  4430 | Ossuary  | Entered an ossuary
  4701 | Ossuary  | Reached XP level 7. HP: 61/61 MP: 3/11
  4759 | Ossuary  | Reached skill level 5 in Axes
  4932 | D:5      | Found a blossoming altar of Fedhas.
  4932 | D:5      | Noticed a sky beast
  4945 | D:5      | Killed a sky beast
  5024 | D:5      | Noticed an ogre
  5025 | D:5      | Reached skill level 6 in Axes
  5028 | D:5      | Killed an ogre
  5144 | D:5      | Noticed Edmund
  5152 | D:5      | Killed Edmund
  5165 | D:5      | Reached skill level 7 in Axes
  5165 | D:5      | Reached XP level 8. HP: 44/68 MP: 4/12
  5812 | D:5      | Found a sparkling altar of Nemelex Xobeh.
  6113 | D:6      | Got a pitted short sword
  6114 | D:6      | Identified the +12 short sword of Due Proportion {speed, SInv} (You found it on level 6 of the Dungeon)
  6130 | D:6      | Reached skill level 8 in Axes
  6418 | D:6      | Reached skill level 9 in Axes
  6632 | D:6      | Learned a level 1 spell: Summon Butterflies
  6791 | D:6      | Found a staircase to the Ecumenical Temple.
  6806 | D:6      | Noticed Prince Ribbit
  6812 | D:6      | Killed Prince Ribbit
  6816 | D:6      | Reached XP level 9. HP: 74/74 MP: 4/13
  7007 | D:6      | Identified a scroll of acquirement
  7323 | D:7      | Reached skill level 10 in Axes
  7447 | D:7      | Noticed Menkaure
  7452 | D:7      | Killed Menkaure
  7998 | D:7      | Noticed Joseph
  8005 | D:7      | Killed Joseph
  8094 | D:7      | Noticed Crazy Yiuf
  8101 | D:7      | Killed Crazy Yiuf
  8292 | D:7      | Upgraded the game from 0.17-a0-1987-gaf5a542 to 0.17-a0-1996-gd2c0ec8
  8378 | D:8      | Reached skill level 11 in Axes
  8392 | D:8      | Found Ekapn's Elemental Accessories.
  8427 | D:8      | Found Xayt's Weapon Emporium.
  8650 | D:8      | Noticed a white ugly thing
  8661 | D:8      | Slain by a white ugly thing

Vault maps used:
D:1:      shiori_shiawase
D:2:      minmay_overflow_temple_star_quad, lemuel_doored_altar, first_bread
D:3:      lemuel_coloured_pillars_altar, cheibriados_altar_wand_db,
          okawaru_ov_weapons_minmay, amethyst_overflow_temple_binary,
          ecumenical_altar_2
D:5:      nemelex_deck, enter_ossuary_2, st_stairs_5, roderic_lattice_a,
          fedhas_altar_1, uniq_edmund
D:6:      temple_doors_e, uniq_prince_ribbit1
D:7:      uniq_menkaure, uniq_crazy_yiuf_cottage, uniq_joseph
D:8:      nicolae_gozag_seed_capital, serial_shops, shop, nicolae_elemental_shop
Ossuary:  ossuary_tomb_2

Action                   |  1- 3 |  4- 6 |  7- 9 || total
-------------------------+-------+-------+-------++-------
Melee: Club              |    56 |       |       ||    56
       Dagger            |   105 |   250 |       ||   355
       Short sword       |    36 |       |       ||    36
       Battleaxe         |       |    51 |   226 ||   277
  Use: Scroll            |     2 |    10 |    15 ||    27
       Potion            |       |     3 |       ||     3
 Stab: Sleeping          |     2 |     4 |     1 ||     7
       Distracted        |       |     1 |       ||     1
  Eat: Chunk             |     4 |     3 |    13 ||    20
       Bread ration      |       |     2 |     4 ||     6
       Meat ration       |       |       |     1 ||     1
